 Dungeon Crawl Stone Soup version 0.30-a0-777-ga9a30cbeda (webtiles) character file.

Game seed: 5450597498364761363

69 testman the Stinger (level 4, -2/30 HPs)
             Began as a Demonspawn Venom Mage on Feb 14, 2023.
             Slain by an adder (4 damage)
             ... on level 2 of the Dungeon.
             The game lasted 00:09:46 (1570 turns).

testman the Stinger (Demonspawn Venom Mage)         Turns: 1570, Time: 00:09:47

Health: -2/30      AC:  2    Str:  7 (8)  XL:     4   Next: 2%
Magic:  10/16      EV: 12    Int: 15 (18) God:
Gold:   63         SH:  0    Dex: 12 (14) Spells: 1/7 levels left

rFire   . . .      SeeInvis .    c - +0 short sword
rCold   . . .      Faith    .    (no shield)
rNeg    . . .      Spirit   .    a - +0 robe
rPois   .          Reflect  .    (no helmet)
rElec   .          Harm     .    (no cloak)
rCorr   .          Rampage  .    (no gloves)
Will    +....                    (no boots)
Stlth   ++                       (no amulet)
HPRegen 0.25/turn                f - ring of magical power
MPRegen 0.30/turn                o - ring of willpower

@: lethally poisoned (-2 -> -7), very slightly contaminated
A: hooves 1, magic regeneration
a: no special abilities


You were on level 2 of the Dungeon.
You visited 1 branch of the dungeon, and saw 2 of its levels.

You collected 63 gold pieces.

Inventory:

Hand Weapons
 c - a +0 short sword (weapon)
Missiles
 m - a throwing net
Armour
 a - a +0 robe (worn)
Jewellery
 f - a ring of magical power (left hand)
 k - a ring of flight
 o - a ring of willpower (right hand)
Scrolls
 e - a scroll of enchant weapon {unknown}
 h - 2 scrolls of identify {unknown}
 i - a scroll of torment {unknown}
 n - a scroll of teleportation {unknown}
Potions
 b - 2 potions of magic
 g - a potion of attraction {unknown}
 j - a potion of heal wounds {unknown}
 l - a potion of haste {unknown}


   Skills:
 - Level 1.7 Dodging
 - Level 1.7 Stealth
 - Level 2.1 Spellcasting
 + Level 2.2 Conjurations
 - Level 1.0 Transmutations
 + Level 2.1 Air Magic
 - Level 3.1 Poison Magic


You had one spell level left.
You knew the following spells:

 Your Spells              Type           Power      Damage    Failure   Level
a - Sting                 Tmut/Pois      28%        1d4       10%         1
b - Poisonous Vapours     Pois/Air       18%        N/A       11%         2
c - Mephitic Cloud        Conj/Pois/Air  9%         N/A       24%         3

Your spell library contained the following spells:

 Spells                   Type           Power      Damage    Failure   Level
 Olgreb's Toxic Radiance  Pois           10%        N/A       52%         4


Dungeon Overview and Level Annotations

Branches:
Dungeon (2/15)

Altars:


Innate Abilities, Weirdness & Mutations

You have large cloven feet.
You regenerate magic rapidly.


Message History

The adder poisons you! The adder bites you.
Aiming: Sting (safe; 8% risk of failure)
Press: ? - help, Q - select action, (/) - cycle Shift-Dir - straight line, f/p - adder
Aim: an adder (moderately wounded, poisoned, 48% to hit)
The sting misses the adder.
You feel sick. The adder closely misses you. The adder bites you. x2
The adder attacks as you move away! The adder bites you.
* * * LOW HITPOINT WARNING * * *
You feel sick. The adder misses you.
Aiming: Sting (safe; 8% risk of failure)
Press: ? - help, Q - select action, (/) - cycle Shift-Dir - straight line, f/p - adder
Aim: an adder (moderately wounded, poisoned, 48% to hit)
The sting hits the adder.
The adder looks even sicker.
The adder is heavily wounded.
You feel sick. The adder bites you but does no damage.
Your magical contamination has completely faded away.
Aiming: Sting (safe; 8% risk of failure)
Press: ? - help, Q - select action, (/) - cycle Shift-Dir - straight line, f/p - adder
Aim: an adder (severely wounded, very poisoned, 48% to hit)
You miscast Sting.
You are very lightly contaminated with residual magic.
Nothing appears to happen.
You feel sick. The adder bites you but does no damage.
Aiming: Sting (safe; 8% risk of failure)
Press: ? - help, Q - select action, (/) - cycle Shift-Dir - straight line, f/p - adder
Aim: an adder (severely wounded, very poisoned, 48% to hit)
You miscast Sting.
Nothing appears to happen.
You feel sick. The adder bites you but does no damage. The adder bites you.
* * * LOW HITPOINT WARNING * * *
You are lethally poisoned!
The adder poisons you!
Okay, then.
Unknown command.
Okay, then.
It was a potion of degeneration.
There was something very wrong with that liquid.
You feel weakened.
You feel dopey.
You feel clumsy.
* * * LOW HITPOINT WARNING * * *
You feel sick. The adder bites you.
You die...

....####.### ##.#.## #.
......>.... ##.#.## #.###
#.#.###.#####.#.## #.##.##
#.#..# ##.#.## #.##.#.##
#.##.## ##.#.## #.##.#.#†##
#.##.># ##.#.##.#.##)#...#.##
#.###.###.#.##S#.##()..##.#.#
#.# #...##.#.##S#...#.##.#.##
# #.#
##...##.#.##@#.#.##.#.## #
#.# #.).###.#.##.#.##.#.##
### #.# #..## ##.#.##.##.#.##
#.. #.####.## ##.#.###.#.##
### ...).†.# ##.#†#.#.## #
.......# ##.#.#.## # ......##
##.#.## # ......# ##.## #
......# ##


You could see 2 adders.

Vanquished Creatures
  A gnoll (D:2)
  2 adders (D:2)
  A worm (D:2)
  4 bats (D:2)
  An endoplasm (D:2)
  A giant cockroach (D:1)
  6 hobgoblins
  5 jackals (D:2)
  A quokka (D:1)
  2 ball pythons (D:1)
  A frilled lizard (D:1)
  7 goblins
  A kobold (D:2)
  3 rats
36 creatures vanquished.

Notes
Turn   | Place    | Note
-------+----------+-------------------------------------------
     0 | D:1      | testman the Demonspawn Venom Mage began the quest for the
                  | Orb.
     0 | D:1      | Reached XP level 1. HP: 13/13 MP: 3/3
    37 | D:1      | Reached skill level 1 in Transmutations
   213 | D:1      | Reached skill level 1 in Air Magic
   471 | D:1      | Discovered your monstrous ancestry.
   471 | D:1      | Gained mutation: You have large cloven feet. [demonic
                  | ancestry]
   471 | D:1      | Reached XP level 2. HP: 15/19 MP: 5/5
   474 | D:1      | Learned a level 2 spell: Poisonous Vapours
  1215 | D:2      | Reached skill level 1 in Conjurations
  1260 | D:2      | Gained mutation: You regenerate magic rapidly. [demonic
                  | ancestry]
  1260 | D:2      | Reached XP level 3. HP: 20/24 MP: 6/6
  1434 | D:2      | Learned a level 3 spell: Mephitic Cloud
  1514 | D:2      | Reached XP level 4. HP: 30/30 MP: 7/7
  1570 | D:2      | Slain by an adder

Illustrated notes

Levels and vault maps discovered:
D:1:      saegor_arrival_simple_e, layout_basic, minmay_misc_feat_alley
D:2:      minmay_inner_zag, layout_rooms, basic_altar, uniq_crazy_yiuf_cottage

Skill      XL: |  1  2  3 |
---------------+----------+-----
Transmutations | 1 |  1.0
Air Magic      | 1 2 |  2.1
Conjurations   | 1 2 |  2.2
Dodging        | |  1.7
Stealth        | |  1.7
Spellcasting   | |  2.1
Poison Magic   | |  3.1

Action                     |  1- 3 |  4- 6 || total
---------------------------+-------+-------++-------
  Melee: Short sword       |    57 |     2 ||    59
         Kick              |     7 |     2 ||     9
   Cast: Sting             |    45 |     8 ||    53
         Poisonous Vapours |     3 |       ||     3
    Use: Potion            |       |     1 ||     1
   Stab: Sleeping          |     2 |       ||     2
 Armour: Robe              |     9 |     4 ||    13
  Dodge: Dodged            |    48 |    12 ||    60

Table legend: (Time is in decaauts)
 A = Elapsed time spent in this place.
 B = Non-inter-level travel time spent in this place.
 C = Inter-level travel time spent in this place.
 D = Time resting spent in this place.
 E = Time spent auto-exploring this place.
 F = Levels seen in this place.
 G = Mean time per level.
                   A        B        C        D        E       F      G
               +--------+--------+--------+--------+--------+-----+--------+
         Total |   1567 |   1504 |     63 |      0 |   1225 |   2 |  783.5 |
       Dungeon |   1567 |   1504 |     63 |      0 |   1225 |   2 |  783.5 |
               +--------+--------+--------+--------+--------+-----+--------+

Top non-repeatable levels by time:
     D:1: 1084 daAuts
     D:2: 483 daAuts
